 Dungeon Crawl Stone Soup version 0.19-a0-583-g665d810 (webtiles) character file.

19157 TheGoonsmith the Slicer (level 12, 0/64 HPs)
             Began as a Vine Stalker Fighter on June 9, 2016.
             Was a High Priest of Okawaru.
             Slain by an orc warrior
             ... wielding a +0 glaive
             ... led by an orc knight
              (21 damage)
             ... on level 1 of the Orcish Mines.
             The game lasted 00:22:11 (10268 turns).

TheGoonsmith the Slicer (Vine Stalker Fighter)     Turns: 10268, Time: 00:22:12

Health: 0/64       AC: 23    Str: 24    XL:     12   Next: 66%
Magic:  0/18       EV:  7    Int:  8    God:    Okawaru [*****.]
Gold:   776        SH:  6    Dex: 17    Spells: 0 memorised, 11 levels left

rFire  . . .     SeeInvis .     M - +6 dagger (venom)
rCold  + . .     Gourm    .     Y - +0 plate armour
rNeg   . . .     Faith    .     X - +1 buckler {AC+3}
rPois  .         Spirit   +     o - +1 helmet
rElec  .         Dismiss  .     (no cloak)
rCorr  .         Reflect  .     S - +0 pair of gloves {Str+3}
SustAt .         Harm     .     (no boots)
MR     +....                    (no amulet)
Stlth  ..........               s - ring of protection from cold
                                n - +4 ring of protection

@: somewhat resistant to hostile enchantments, extremely unstealthy
A: fangs 3, regeneration 3, magic shield, antimagic bite, no device heal 3, rot
immunity
a: Heroism, Finesse, Renounce Religion


You were on level 1 of the Orcish Mines.
You worshipped Okawaru.
Okawaru was extremely pleased with you.
You were very full.

You visited 2 branches of the dungeon, and saw 13 of its levels.

You collected 884 gold pieces.
You spent 108 gold pieces at shops.

Inventory:

Hand Weapons
 a - a +2 vampiric battleaxe
 M - a +6 dagger of venom (weapon)
Armour
 b - a +0 chain mail of poison resistance
 c - a +1 shield
 o - a +1 helmet (worn)
 S - a +0 pair of gloves of strength (worn)
 X - a +1 buckler of protection (worn)
 Y - a +0 plate armour (worn)
Jewellery
 d - a +5 ring of strength {unknown}
 n - a +4 ring of protection (left hand)
 s - a ring of protection from cold (right hand)
 t - an uncursed ring of wizardry
 y - an uncursed ring of wizardry
 J - an uncursed ring of wizardry
 O - an uncursed ring of resist corrosion
 U - an uncursed ring of protection from cold
Wands
 h - a wand of lightning (12/15)
 E - a wand of flame (21/48)
 F - a wand of confusion (26/48)
 K - a wand of acid (3/15)
 N - a wand of flame (24/48)
 P - a wand of lightning (13/15)
 R - a wand of paralysis (12/24)
 Z - a wand of polymorph (12/24)
Scrolls
 l - 9 scrolls of remove curse
 r - 2 scrolls of identify
 x - 4 scrolls of amnesia
 C - 3 scrolls of recharging
 L - 2 scrolls of teleportation
 T - a scroll of fog
 V - a scroll of magic mapping
Potions
 e - 2 potions of brilliance
 k - 3 potions of haste
 p - a potion of magic
 q - 2 potions of cure mutation
 u - a potion of invisibility {unknown}
 v - 3 potions of flight
 w - 3 potions of lignification
 z - 5 potions of heal wounds
 A - a potion of cancellation
 D - 2 potions of curing
 G - 2 potions of agility {unknown}
 I - a potion of resistance {unknown}
 Q - 2 potions of degeneration {unknown}
 W - 2 potions of mutation {unknown}
Comestibles
 f - 9 bread rations
 g - 2 slices of pizza
 m - 6 meat rations
 B - a fruit
 H - 3 beef jerkies


   Skills:
 - Level 8.0 Fighting
 - Level 14.0 Short Blades
 + Level 6.5 Armour
 - Level 4.0 Shields
 - Level 7.1 Invocations


You had 11 spell levels left.
You didn't know any spells.

Dungeon Overview and Level Annotations

Branches:
Dungeon (12/15)            Temple (0/1) D:7            Lair (0/8) D:10
    Orc (1/2) D:10

Altars:
Cheibriados
Gozag
Hepliaklqana
Makhleb
Nemelex Xobeh
Okawaru
Qazlal
Ru
Sif Muna
Trog
Vehumet
Xom
Yredelemnul
Zin
The Shining One

Shops:
D:7 }   D:10 *   D:12 *

Portals:
Trove: D:12 (give 7 potions of agility)


Innate Abilities, Weirdness & Mutations

You have razor-sharp teeth.
You regenerate.
When hurt, damage is shared between your health and your magic reserves.
Your bite disrupts and absorbs the magic of your enemies.
Potions and wands cannot restore your health.
You are immune to rotting.


Message History

The orc closely misses you. The orc warrior barely misses you.
You hit the orc knight but do no damage.
You bite the orc knight. You drain its power.
The orc knight is severely wounded.
The gnoll barely misses you. You block the orc warrior's attack.
The gnoll hits you but does no damage.
You hit the orc knight but do no damage.
Your bite misses the orc knight.
The orc knight is severely wounded.
The ogre hits you but does no damage.
The orc warrior hits you from afar with a halberd!
The orc hits you but does no damage.
You hit the orc knight but do no damage.
Your bite misses the orc knight.
The orc knight is severely wounded.
The gnoll hits you from afar with a spear.
You block the orc warrior's attack. You block the orc knight's attack.
The gnoll hits you but does no damage.
The orc warrior hits you from afar with a glaive!!
You die...

#.....# #...#
##.....###...#### .#
.......#...###.##
...#.......[.##[)<)#
.....##.#..[)[.)))##
.........)))...[##.##
........#.##........#
#......g#####)#.##.##
....g.gg@o# ##[#.####
.......Oooo##o....#.##
...#...o#.o##........#
............#........#
.........#............#
.....................##
...................###
>............######
>...##....


You could see an orc knight, 3 orc warriors, an ogre, 4 gnolls and 2 orcs.

Vanquished Creatures
  Snorg (Orc:1)
  A hydra (D:12)
  The ghost of TheGoonsmith the Basher, a journeyman VSFi of Makhleb (D:12)
  Erica (D:9)
  The ghost of chequers the Spear-Bearer, a novice OpBe of Trog (D:9)
  4 skeletal warriors (D:12)
  A flayed ghost (D:8)
  An orc knight (Orc:1)
  2 hill giants
  2 ugly things
  An elephant (D:10)
  Joseph (D:9)
  A gargoyle (D:10)
  The ghost of TheGoonsmith the Shield-Bearer, a novice FoFi (D:4)
  Grinder (D:5)
  A two-headed ogre (D:9)
  Sigmund (D:5)
  3 shadows
  A spriggan (D:7)
  4 yaks
  Eustachio (D:5)
  5 fire bats (D:8)
  3 wraiths (D:8)
  A hungry ghost (D:8)
  Menkaure (D:4)
  A hippogriff (D:12)
  A warg (Orc:1)
  11 orc warriors
  3 black bears
  5 ice beasts
  A phantom (D:9)
  8 sky beasts
  The ghost of did4411 the Vandal, an amateur CeHu (D:3)
  An eye of draining (D:12)
  3 centaurs
  6 ogres
  A crocodile (D:9)
  3 giant frogs
  A gnoll sergeant (D:10)
  3 scorpions
  5 killer bees (D:10)
  A howler monkey (D:11)
  4 crimson imps
  2 giant frog zombies
  A centaur zombie (D:9)
  2 quasits
  10 hounds
  3 jellies
  2 centaur skeletons
  A giant frog skeleton (D:7)
  A gnoll shaman (D:4)
  10 orc priests
  Jessica (D:2)
  Ijyb (D:2)
  3 iguanas
  11 orc wizards
  7 worker ants
  2 sheep (D:10)
  2 hound skeletons
  14 gnolls
  13 adders
  An ooze (D:1)
  4 worms
  A dart slug (D:1)
  7 giant geckos
  54 orcs
  4 giant cockroaches
  7 goblins
  9 hobgoblins
  11 jackals
  10 kobolds
  5 quokkas
  A ball python (D:3)
  12 bats
  A giant cockroach zombie (D:5)
  6 giant newts
  A quokka zombie (D:6)
  16 rats
336 creatures vanquished.

Vanquished Creatures (others)
  A wizard (D:3)
1 creature vanquished.

Grand Total: 337 creatures vanquished

Notes
Turn   | Place    | Note
--------------------------------------------------------------
     0 | D:1      | TheGoonsmith the Vine Stalker Fighter began the quest for the Orb.
     0 | D:1      | Reached XP level 1. HP: 11/11 MP: 2/2
    20 | D:1      | Reached skill level 2 in Short Blades
    39 | D:1      | Reached XP level 2. HP: 16/16 MP: 3/3
   266 | D:1      | Reached XP level 3. HP: 19/19 MP: 4/4
   452 | D:1      | Reached skill level 3 in Short Blades
   491 | D:2      | Noticed Ijyb
   502 | D:2      | Killed Ijyb
   502 | D:2      | Reached XP level 4. HP: 19/23 MP: 5/5
   716 | D:2      | Found a faded altar of an unknown god.
   716 | D:2      | Noticed Jessica
   722 | D:2      | Killed Jessica
   954 | D:2      | Reached XP level 5. HP: 17/27 MP: 6/6
   992 | D:2      | Reached skill level 4 in Short Blades
  1179 | D:2      | Found a deep blue altar of Sif Muna.
  1254 | D:3      | Noticed did4411's ghost (amateur CeHu)
  1581 | D:3      | Killed did4411's ghost
  1622 | D:3      | Gained mutation: You heal very quickly. [Vine Stalker growth]
  1622 | D:3      | Reached XP level 6. HP: 21/32 MP: 7/7
  1957 | D:3      | Found a glowing silver altar of Zin.
  1958 | D:3      | Found an opulent altar of Gozag.
  2149 | D:3      | Found a bloodstained altar of Trog.
  2150 | D:3      | Noticed a wizard
  2155 | D:3      | Killed a wizard
  2246 | D:4      | Found an iron altar of Okawaru.
  2255 | D:4      | Reached skill level 5 in Short Blades
  2263 | D:4      | Became a worshipper of Warmaster Okawaru
  2549 | D:4      | Found a basalt altar of Yredelemnul.
  2579 | D:4      | Reached XP level 7. HP: 24/35 MP: 5/8
  2582 | D:4      | Reached skill level 6 in Short Blades
  2604 | D:4      | Reached * piety under Okawaru
  2733 | D:4      | Noticed TheGoonsmith's ghost (novice FoFi)
  2739 | D:4      | Killed TheGoonsmith's ghost
  2739 | D:4      | Reached skill level 7 in Short Blades
  2739 | D:4      | Gained mutation: You have razor-sharp teeth. [Vine Stalker growth]
  2739 | D:4      | Reached XP level 8. HP: 37/39 MP: 9/9
  3020 | D:4      | Found a glowing golden altar of the Shining One.
  3022 | D:4      | Noticed an angel
  3086 | D:5      | Entered Level 5 of the Dungeon
  3155 | D:5      | Reached skill level 8 in Short Blades
  3213 | D:5      | Noticed Grinder
  3214 | D:5      | Noticed Eustachio
  3215 | D:5      | Noticed Menkaure
  3216 | D:5      | Paralysed by Grinder for 4 turns
  3326 | D:4      | Killed Menkaure
  3359 | D:5      | Killed Grinder
  3363 | D:5      | Killed Eustachio
  3363 | D:5      | Reached ** piety under Okawaru
  3363 | D:5      | Reached skill level 9 in Short Blades
  3406 | D:5      | Noticed Sigmund
  3417 | D:5      | Killed Sigmund
  3611 | D:5      | Reached XP level 9. HP: 41/43 MP: 10/10
  3731 | D:6      | Found a radiant altar of Vehumet.
  3846 | D:6      | Reached skill level 10 in Short Blades
  4046 | D:6      | Found a sacrificial altar of Ru.
  4690 | D:7      | Found a staircase to the Ecumenical Temple.
  4699 | D:7      | Reached skill level 11 in Short Blades
  4722 | D:7      | Reached *** piety under Okawaru
  4807 | D:7      | Found Vasmetyz's Gadget Shop.
  5326 | D:8      | Found a shimmering altar of Xom.
  5327 | D:8      | Found a burning altar of Makhleb.
  5356 | D:8      | Noticed a hill giant
  5578 | D:7      | Killed a hill giant
  5578 | D:7      | Reached **** piety under Okawaru
  5578 | D:7      | Reached skill level 12 in Short Blades
  5578 | D:7      | Reached XP level 10. HP: 30/47 MP: 11/11
  5672 | D:8      | Found a sacrificial altar of Ru.
  5752 | D:8      | Found a shimmering altar of Xom.
  5762 | D:8      | Found a runed door.
  5780 | D:8      | Found a glowing silver altar of Zin.
  5780 | D:8      | Found a snail-covered altar of Cheibriados.
  5786 | D:8      | Noticed a flayed ghost
  5802 | D:8      | Killed a flayed ghost
  5802 | D:8      | Reached skill level 13 in Short Blades
  5898 | D:8      | Reached ***** piety under Okawaru
  5938 | D:8      | Found a snail-covered altar of Cheibriados.
  5976 | D:8      | Found a deep blue altar of Sif Muna.
  6072 | D:8      | Found a glowing silver altar of Zin.
  6301 | D:8      | Reached skill level 14 in Short Blades
  6484 | D:9      | Noticed chequers's ghost (novice OpBe)
  6508 | D:9      | Killed chequers's ghost
  6508 | D:9      | Reached XP level 11. HP: 39/54 MP: 12/12
  6539 | D:9      | Reached skill level 1 in Invocations
  6596 | D:9      | Noticed Joseph
  6614 | D:9      | Killed Joseph
  6627 | D:9      | Reached skill level 5 in Fighting
  6696 | D:9      | Noticed Erica
  6714 | D:9      | Killed Erica
  6815 | D:9      | Found a sparkling altar of Nemelex Xobeh.
  6816 | D:9      | Found a hazy altar of Hepliaklqana.
  6892 | D:9      | Noticed a hill giant
  6904 | D:9      | Killed a hill giant
  7291 | D:10     | Entered Level 10 of the Dungeon
  7369 | D:10     | Found a staircase to the Lair.
  7384 | D:10     | Reached ****** piety under Okawaru
  7740 | D:10     | Found Emenik's Assorted Antiques.
  7746 | D:10     | Bought a pink potion for 19 gold pieces
  7746 | D:10     | Bought a scroll of identify for 44 gold pieces
  7805 | D:10     | Received a gift from Okawaru
  7809 | D:10     | Reached skill level 5 in Invocations
  7836 | D:10     | Found a stormy altar of Qazlal.
  7982 | D:10     | You fall through a shaft for 2 floors!
  8068 | D:12     | Found a portal to a secret trove of treasure.
  8084 | D:12     | Noticed TheGoonsmith's ghost (journeyman VSFi)
  8122 | D:12     | Killed TheGoonsmith's ghost
  8221 | D:12     | Found Xelegaw's General Store.
  8228 | D:12     | Bought a scroll of teleportation for 45 gold pieces
  8401 | D:10     | Found a staircase to the Orcish Mines.
  9024 | D:11     | Noticed a purple ugly thing
  9034 | D:11     | Killed a purple ugly thing
  9034 | D:11     | Gained mutation: You regenerate. [Vine Stalker growth]
  9034 | D:11     | Reached XP level 12. HP: 52/63 MP: 17/17
  9186 | D:12     | Noticed a four-headed hydra
  9196 | D:12     | Killed a four-headed hydra
  9945 | D:12     | Reached skill level 5 in Armour
 10035 | Orc:1    | Entered Level 1 of the Orcish Mines
 10092 | Orc:1    | Received a gift from Okawaru
 10200 | Orc:1    | Noticed Snorg
 10216 | Orc:1    | Killed Snorg
 10268 | Orc:1    | Slain by an orc warrior

Vault maps used:
D:1:      lightli_arrival_lavapool, st_stairs_12, minmay_rat_gold_closets
D:2:      lemuel_blue_sif_altar, ecumenical_altar_1, first_bread, st_stairs_5,
          uniq_iyjb, uniq_jessica
D:3:      grunt_temple_overflow_gold_and_silver, trog_wizard
D:4:      grunt_temple_overflow_holy_war, lemuel_doored_altar
D:5:      uniq_sigmund, uniq_menkaure, uniq_eustachio, uniq_grinder
D:6:      vehumet_altar_wand_db, marbit_many_paths, grunt_ministairs_9,
          st_stairs_3, minmay_misc_feat_doors
D:7:      minmay_temple_entry_junction2, serial_shops, shop, the_bakery
D:8:      due_megacathedral, grunt_temple_overflow_champion_of_chaos,
          basic_altar
D:9:      gammafunk_temple_overflow_pools, uniq_joseph, uniq_erica
D:10:     david_lair_generic, hiddenorc1_lemuel, serial_shops, shop,
          nicolae_qazlal_style_of_elements
D:11:     kennysheep_six_static_rooms
D:12:     enter_trove_1, serial_shops, shop_fountains
Orc:1:    serial_shops, nicolae_shop_stone, shop, uniq_snorg

Skill      XL: |  1  2  3  4  5  6  7  8  9 10 11 12 |
---------------+-------------------------------------+-----
Short Blades   | 2 3 4 5 7 9 12 14 | 14.0
Shields        | 3 4 |  4.0
Fighting       | 4 7 8 |  8.0
Invocations    | 6 7 |  7.1
Armour         | 6 |  6.5

Action                   |  1- 3 |  4- 6 |  7- 9 | 10-12 || total
-------------------------+-------+-------+-------+-------++-------
Melee: Rapier            |    81 |   215 |   398 |   188 ||   882
       Bite              |    18 |    63 |   143 |   409 ||   633
       Dagger            |       |       |       |   779 ||   779
Invok: Heroism           |       |       |       |     3 ||     3
       Finesse           |       |       |       |     3 ||     3
  Use: Scroll            |       |    11 |     2 |    16 ||    29
       Potion            |       |       |     2 |     1 ||     3
  Eat: Chunk             |       |     5 |    11 |     8 ||    24
       Bread ration      |       |       |       |     4 ||     4
       Fruit             |       |       |       |     1 ||     1
       Pizza             |       |       |       |     1 ||     1
Armor: Scale mail        |    40 |    78 |   124 |   110 ||   352
       Chain mail        |       |       |       |   121 ||   121
       Plate armour      |       |       |       |   105 ||   105
Dodge: Dodged            |    27 |    86 |   138 |   197 ||   448
Block: Shield            |    14 |       |       |       ||    14
       Buckler           |    20 |    38 |    67 |   168 ||   293
